 Dungeon Crawl Stone Soup version 0.20.0 (webtiles) character file.

62 MarkovLaser the Grave Robber (level 3, -2/24 HPs)
             Began as a Mummy Necromancer on July 24, 2017.
             Slain by a gnoll
             ... wielding a +0 spear
              (9 damage)
             ... on level 2 of the Dungeon.
             The game lasted 00:09:08 (1887 turns).

MarkovLaser the Grave Robber (Mummy Necromancer)    Turns: 1887, Time: 00:09:09

Health: -2/24      AC:  2    Str: 11    XL:     3   Next: 85%
Magic:  5/8        EV: 12    Int: 15    God:
Gold:   103        SH:  0    Dex: 12    Spells: 8/10 levels left

rFire    x . .     SeeInvis .   l - +1 short sword (speed)
rCold    + . .     Gourm    .   (no shield)
rNeg     + + +     Faith    .   a - +0 robe
rPois    ∞         Spirit   .   (no helmet)
rElec    .         Reflect  .   (no cloak)
rCorr    .         Harm     .   (no gloves)
MR       .....                  (no boots)
Stlth    ++........             (no amulet)
Regen    0.1/turn               (no ring)
MPRegen  0.2/turn               (no ring)

@: no status effects
A: no food or potions, fire vulnerability, cold resistance 1, negative energy
resistance 3, torment resistance, unbreathing
a: no special abilities


You were on level 2 of the Dungeon.
You were not hungry.

You visited 1 branch of the dungeon, and saw 2 of its levels.

You collected 103 gold pieces.

Inventory:

Hand Weapons
 l - a +1 short sword of speed (weapon)
Armour
 a - a +0 robe (worn)
 j - a +0 shield
Jewellery
 f - an uncursed ring of stealth {unknown}
 h - a cursed -3 ring of dexterity {unknown}
Scrolls
 c - 2 scrolls of teleportation {unknown}
 d - a scroll of immolation {unknown}
 e - a scroll of amnesia {unknown}
 g - a scroll of random uselessness {unknown}
 i - 2 scrolls of identify {unknown}
 k - 3 scrolls of remove curse {unknown}
 m - a scroll of blinking {unknown}
Books
 b - a book of Necromancy

   Spells                             Type                      Level
   a - Pain                           Necromancy                   1
   b - Animate Skeleton               Necromancy                   1
   c - Vampiric Draining              Necromancy                   3
   d - Regeneration                   Charms/Necromancy            3
   e - Animate Dead                   Necromancy                   4
   f - Control Undead                 Necromancy                   4


   Skills:
 - Level 1.5 Dodging
 - Level 1.5 Stealth
 + Level 4.0 Spellcasting
 + Level 4.8 Necromancy


You had 8 spell levels left.
You knew the following spells:

 Your Spells              Type           Power        Failure   Level  Hunger
a - Pain                  Necr           ###.         2%          1    N/A
b - Animate Skeleton      Necr           N/A          2%          1    N/A

Dungeon Overview and Level Annotations

Branches:
Dungeon (2/15)

Altars:


Innate Abilities, Weirdness & Mutations

You do not eat or drink.
Your flesh is vulnerable to fire.
You are immune to poison.
Your flesh is cold resistant. (rC+)
You are immune to negative energy. (rN+++)
You are immune to unholy pain and torment.
You can survive without breathing.


Message History

The gnoll throws a stone.
The stone completely misses you.
Casting: Pain
Confirm with . or Enter, or press ? or * to list all spells.
Aiming: Pain
Press: ? - help, Shift-Dir - straight line, f - gnoll
Aim: a gnoll, wielding a spear (chance to defeat MR: 82%)
The gnoll writhes in agony!
The gnoll throws a stone.
The stone hits your hobgoblin skeleton.
The gnoll hits you from afar with a spear.
The gnoll throws a stone.
The stone barely misses you.
You see here a stone.
Your hobgoblin skeleton barely misses the gnoll.
The gnoll throws a stone.
The stone hits you!
* * * LOW HITPOINT WARNING * * *
You see here a stone.
Your hobgoblin skeleton hits the gnoll but does no damage.
There is an open door here.
There is a stone staircase leading up here.
The gnoll hits you from afar with a spear!
You die...

#.##..............#
#.##..............#
#.##...).......)..#
#.##.#'############
#.##g#.g...g......#
#.##.############.#
#.##g# #####.#
#.##.# #...#.#
#.#@.# #...#.##
#.#### #.....g. #.#
#....... #.#
#....... #.#
#....... #.#
#....... #.#
#.....(. #.#
#....... #.#
#.......


You could see 2 gnolls.

Vanquished Creatures
  2 gnolls (D:2)
  An adder (D:2)
  2 worms (D:2)
  A dart slug (D:1)
  3 goblins
  7 hobgoblins
  2 kobolds
  A quokka (D:2)
  2 ball pythons
  3 bats
  2 rats (D:2)
26 creatures vanquished.

Notes
Turn   | Place    | Note
-------+----------+-------------------------------------------
     0 | D:1      | MarkovLaser the Mummy Necromancer began the quest for the Orb.
     0 | D:1      | Reached XP level 1. HP: 13/13 MP: 4/4
     2 | D:1      | Learned a level 1 spell: Animate Skeleton
   468 | D:1      | Reached XP level 2. HP: 19/19 MP: 4/6
  1216 | D:2      | Reached XP level 3. HP: 13/24 MP: 1/8
  1887 | D:2      | Slain by a gnoll

Skill      XL: |  1  2  3 |
---------------+----------+-----
Spellcasting   | 3 4 |  4.0
Dodging        | |  1.5
Stealth        | |  1.5
Necromancy     | |  4.8

Action                   || total
-------------------------++-------
Melee: Unarmed           ||    13
       Short sword       ||     4
 Cast: Pain              ||    78
       Animate Skeleton  ||     5
Armor: Robe              ||     4
Dodge: Dodged            ||    23
